Map: [ESL] Oceanborn

Players

Reynor - Winner!

  • Race: Zerg Zerg
  • Spawn Location: 5:00

Krystianer

  • Race: Protoss Protoss
  • Spawn Location: 11:00

Event: ESL SC2 Masters 2023 Winter (Regional)

VOD

Have the link to the VOD?

Description

Time

  • Played on: Oct. 29, 2023, 10:27 a.m.
  • Length: 8:38

All games in this series

Show
View Real Time Build Order
Export as new Build Order

Reynor Zerg - Winner!

Build Orders: Hatch First 

Get SALT Encoding   

  12  0:00  Drone  
  13  0:14  Overlord  
  13  0:17  Drone  
  14  0:32  Drone x2  
  16  0:47  Hatchery  
  15  0:51  Drone  
  15  0:55  Drone  
  17  0:58  Drone  
  18  1:08  Extractor  
  17  1:13  Spawning Pool  
  17  1:16  Drone  
  17  1:20  Drone  
  18  1:29  Drone  
  19  1:40  Drone  
  20  1:50  Overlord  
  20  1:59  Queen x2  
  20  2:00  Drone  
  25  2:01  Zergling x2  
  26  2:10  Drone  
  26  2:13  Zergling x2  
  28  2:17  Metabolic Boost  
  28  2:20  Drone  
  29  2:23  Drone  
  30  2:33  Hatchery  
  29  2:39  Queen  
  29  2:42  Drone  
  32  2:46  Overlord  
  32  2:50  Zergling x2  
  32  2:51  Zergling x2  
  34  2:54  Drone  
  35  2:59  Zergling x2  
  35  3:04  Queen  
  38  3:06  Overlord  
  38  3:08  Drone  
  38  3:10  Drone  
  40  3:14  Drone  
  40  3:17  Drone x2  
  43  3:22  Drone  
  43  3:25  Drone  
  43  3:26  Queen  
  47  3:32  Zergling x2  
  48  3:36  Zergling x2  
  48  3:40  Queen  
  51  3:43  Zergling x2  
  51  3:45  Spore Crawler  
  51  3:46  Queen  
  53  3:49  Drone  
  53  3:50  Drone  
  53  3:52  Drone  
  53  3:53  Drone  
  56  3:57  Drone x2  
  56  4:02  Overlord  
  58  4:05  Overlord  
  58  4:16  Overlord  
  58  4:20  Overlord  
  58  4:23  Drone x8  
  65  4:26  Drone  
  65  4:28  Spore Crawler  
  65  4:29  Drone  
  66  4:35  Drone  
  67  4:39  Roach Warren  
  67  4:40  Drone x2  
  67  4:44  Drone  
  69  4:50  Drone x3  
  69  4:51  Drone  
  69  4:52  Drone x2  
  75  4:55  Drone x2  
  75  4:56  Extractor x2  
  75  4:57  Lair  
  75  5:04  Drone x3  
  75  5:05  Queen  
  75  5:07  Drone  
  81  5:10  Overlord  
  81  5:18  Drone x2  
  83  5:23  Drone  
  83  5:24  Drone x3  
  83  5:26  Evolution Chamber, Overlord  
  83  5:27  Spore Crawler  
  85  5:29  Roach x3, Extractor  
  85  5:30  Extractor  
  85  5:35  Roach x3  
  95  5:37  Drone x3  
  97  5:43  Extractor, Drone  
  97  5:50  Drone x4, Overlord  
  97  5:52  Drone  
  97  5:53  Drone  
  97  5:55  Hatchery  
  102  5:58  Overlord  
  102  6:00  Zerg Missile Weapons Level 1, Glial Reconstitution  
  102  6:08  Overlord x2  
  102  6:16  Roach x5  
  102  6:17  Roach x3  
  118  6:20  Roach x2  
  121  6:25  Overlord  
  121  6:26  Overlord  
  121  6:29  Roach x3  
  121  6:30  Evolution Chamber  
  126  6:33  Roach x2  
  126  6:37  Roach x2  
  134  6:43  Overlord  
  134  6:49  Roach x6  
  134  6:51  Ravager  
  134  6:52  Ravager  
  141  6:57  Roach x4  
  137  7:03  Drone x2  
  128  7:08  Roach  
  128  7:11  Roach x2  
  128  7:14  Roach x5  
  147  7:15  Roach x2  
  147  7:16  Roach  
  147  7:19  Pneumatized Carapace  
  149  7:23  Overlord  
  149  7:25  Roach x3  
  149  7:27  Ravager x2  
  157  7:31  Roach x2, Zergling x2  
  157  7:32  Zergling x2, Overseer  
  157  7:34  Overlord  
  163  7:47  Roach x7  
  173  7:52  Overlord  
  173  7:55  Roach x5  
  173  7:57  Ravager  
  184  8:01  Overlord x2  
  184  8:02  Overlord  
  183  8:10  Ravager  
  184  8:14  Ravager x3  
  184  8:17  Zergling x10  
Show
View Real Time Build Order
Export as new Build Order

Krystianer Protoss 

Build Orders: 1 Gate Expand, Oracle Opening, Zealot Archon, Archon Drop 

Get SALT Encoding   

  12  0:00  Probe  
  13  0:12  Probe  
  14  0:20  Pylon  
  14  0:24  Probe (Chrono Boost)  
  15  0:39  Gateway, Probe (Chrono Boost)  
  16  0:45  Probe (Chrono Boost)  
  16  0:47  Assimilator  
  17  0:54  Probe  
  18  1:06  Probe  
  19  1:18  Probe  
  20  1:25  Nexus  
  20  1:33  Cybernetics Core  
  20  1:37  Probe  
  21  1:42  Assimilator  
  21  1:49  Probe  
  21  1:52  Pylon  
  22  2:01  Probe  
  22  2:07  Adept (Chrono Boost)  
  23  2:13  Probe  
  26  2:16  Stargate  
  26  2:23  Warp Gate  
  26  2:26  Probe (Chrono Boost)  
  26  2:27  Adept (Chrono Boost)  
  27  2:37  Probe (Chrono Boost)  
  30  2:43  Probe (Chrono Boost)  
  31  2:46  Probe (Chrono Boost)  
  31  2:49  Adept  
  31  2:50  Probe (Chrono Boost)  
  31  2:51  Probe (Chrono Boost)  
  36  2:59  Oracle (Chrono Boost)  
  36  3:02  Probe  
  36  3:04  Probe  
  41  3:14  Probe  
  41  3:16  Probe  
  43  3:20  Pylon  
  43  3:25  Gateway  
  43  3:26  Probe  
  44  3:28  Probe  
  44  3:32  Assimilator  
  44  3:34  Assimilator  
  45  3:36  Robotics Facility  
  45  3:38  Probe  
  45  3:40  Probe  
  47  3:46  Twilight Council  
  47  3:50  Probe  
  47  3:52  Probe  
  47  3:54  Shield Battery  
  47  3:55  Pylon  
  49  4:02  Probe  
  50  4:09  Gateway  
  50  4:10  Probe  
  50  4:11  Gateway  
  50  4:15  Adept  
  53  4:17  Probe  
  53  4:22  Probe  
  55  4:24  Warp Prism (Chrono Boost)  
  55  4:35  Templar Archives  
  55  4:42  Nexus  
  55  4:50  Pylon  
  55  4:55  Charge (Chrono Boost)  
  55  5:04  Gateway  
  55  5:06  Gateway  
  55  5:12  Gateway  
  55  5:15  Gateway  
  55  5:16  High Templar x3  
  55  5:19  High Templar  
  63  5:24  Archon  
  63  5:25  Archon  
  63  5:29  Pylon  
  62  5:35  Probe  
  62  5:36  Probe  
  62  5:39  Pylon  
  64  5:49  Zealot x3  
  70  5:51  Zealot  
  70  5:55  Probe x2  
  74  6:00  Pylon  
  74  6:10  Zealot x6  
  86  6:12  Zealot x2  
  86  6:16  Pylon  
  88  6:35  Probe  
  88  6:36  Probe x2  
  91  6:44  Zealot x8  
  105  6:47  Probe  
  105  6:48  Probe x2  
  105  6:50  Shield Battery  
  97  6:59  Probe (Chrono Boost)  
  97  7:00  Probe (Chrono Boost)  
  97  7:01  Probe (Chrono Boost)  
  84  7:07  Zealot x3  
  74  7:11  Probe (Chrono Boost)  
  74  7:12  Immortal (Chrono Boost), Probe (Chrono Boost)  
  77  7:17  Probe (Chrono Boost)  
  77  7:20  Probe (Chrono Boost)  
  77  7:21  Probe (Chrono Boost)  
  79  7:25  Sentry x3, Probe (Chrono Boost)  
  79  7:29  Probe  
  86  7:30  Probe  
  86  7:31  Stalker  
  86  7:36  Assimilator  
  90  7:40  Assimilator  
  90  7:41  Immortal (Chrono Boost)  
  94  7:45  Probe  
  96  7:51  Probe  
  96  7:52  Probe  
  97  7:59  Shield Battery  
  97  8:04  Forge, Probe  
  98  8:09  Sentry x2  
  98  8:11  Stalker  
  98  8:12  Stalker  
  105  8:15  Zealot x2  
  105  8:24  Stalker x2  
Tags
 
Add a new tag
Caveats
  • Supply blocks, unpowered buildings, or Contaminate may cause inaccurate times.
  • Supply counts are checked every 10 seconds.